Map: Oxyde EC

Players

Victor - Winner!

  • Race: Protoss Protoss
  • League: Bronze
  • Spawn Location: 1:00

Skor

  • Race: Terran Terran
  • Spawn Location: 7:00

VOD

Have the link to the VOD?

Description

Time

  • Played on: Oct. 23, 2020, 8:50 a.m.
  • Length: 31:29
Show
View Real Time Build Order
Export as new Build Order

Victor Protoss - Winner!

Build Orders:  

Get SALT Encoding   

  12  0:01  Probe (Chrono Boost)  
  14  0:14  Probe (Chrono Boost)  
  14  0:21  Pylon  
  14  0:30  Probe  
  15  0:42  Probe  
  16  0:56  Assimilator  
  16  1:03  Pylon  
  16  1:15  Probe (Chrono Boost)  
  16  1:18  Gateway  
  17  1:25  Probe (Chrono Boost)  
  18  1:29  Gateway  
  18  1:30  Probe (Chrono Boost)  
  19  1:33  Gateway  
  19  1:43  Probe  
  20  1:55  Probe  
  21  2:07  Probe  
  22  2:10  Cybernetics Core  
  22  2:20  Gateway  
  22  2:21  Gateway  
  22  2:25  Zealot  
  24  2:45  Zealot  
  24  2:51  Adept  
  28  3:02  Warp Gate  
  28  3:25  Nexus  
  28  3:43  Pylon  
  28  3:46  Pylon  
  28  3:50  Pylon  
  28  3:53  Pylon  
  28  3:59  Pylon  
  28  4:02  Pylon  
  28  4:04  Stalker  
  30  4:20  Probe  
  31  4:32  Probe  
  31  4:34  Stalker  
  34  4:44  Probe  
  35  4:47  Pylon  
  35  4:54  Shield Battery  
  35  4:55  Shield Battery  
  35  4:59  Probe (Chrono Boost)  
  36  5:04  Stalker  
  38  5:08  Assimilator  
  38  5:09  Probe (Chrono Boost)  
  39  5:14  Probe (Chrono Boost)  
  39  5:15  Stalker x2  
  39  5:16  Stalker  
  46  5:25  Probe  
  46  5:28  Stargate  
  47  5:33  Robotics Facility  
  47  5:37  Probe  
  46  6:04  Forge  
  46  6:09  Probe (Chrono Boost)  
  48  6:18  Probe (Chrono Boost)  
  48  6:20  Protoss Air Weapons Level 1  
  48  6:23  Probe (Chrono Boost)  
  49  6:35  Probe  
  50  6:47  Probe  
  50  6:52  Stalker x2  
  50  6:53  Stalker x2  
  59  6:54  Stalker  
  61  7:21  Twilight Council  
  61  7:23  Probe  
  62  7:36  Assimilator  
  62  7:38  Probe, Assimilator  
  62  7:39  Void Ray  
  63  7:50  Probe  
  68  8:01  Observer  
  70  8:51  Stalker  
  70  8:52  Stalker x2  
  70  9:10  Blink  
  70  9:33  Probe  
  71  9:45  Probe  
  72  10:32  Photon Cannon  
  72  10:33  Photon Cannon  
  72  10:35  Photon Cannon  
  65  11:11  Charge  
  65  11:41  Stargate  
  65  11:56  Pylon  
  65  12:27  Nexus  
  65  12:33  Assimilator  
  65  12:34  Assimilator  
  65  12:35  Fleet Beacon  
  63  13:07  Dark Shrine  
  63  13:11  Templar Archives  
  63  13:15  Stalker x2  
  63  13:16  Stalker x2  
  71  13:29  Carrier  
  77  13:44  Protoss Ground Weapons Level 1  
  77  13:47  Psionic Storm  
  77  14:04  Pylon  
  77  14:07  Pylon  
  77  14:09  Probe  
  78  14:10  Pylon  
  78  14:14  Pylon  
  78  14:21  Probe  
  79  14:29  Gateway  
  79  14:31  Gateway  
  79  14:33  Gateway  
  79  14:34  Carrier  
  79  14:35  Gateway x2  
  85  14:42  Gateway  
  85  14:43  Gateway  
  85  14:46  Gateway  
  85  14:48  Gateway  
  85  14:49  Gateway  
  85  14:53  Robotics Facility  
  85  14:55  Robotics Facility  
  85  14:59  Dark Templar x2  
  89  15:00  Dark Templar x2  
  93  15:19  Unknown  
  85  15:38  Carrier  
  85  15:42  Warp Prism  
  93  15:52  Protoss Ground Armor Level 1  
  93  16:17  Warp Prism  
  93  16:42  Carrier  
  99  16:48  Robotics Bay  
  99  16:49  Robotics Bay  
  99  16:53  Warp Prism  
  101  17:29  Warp Prism  
  103  17:36  Stalker x3  
  105  17:37  Stalker x3  
  105  17:38  Stalker x3  
  101  17:46  Carrier  
  107  18:01  Protoss Shields Level 1  
  109  18:21  Observer  
  108  18:27  Extended Thermal Lance  
  108  18:28  Gravitic Drive  
  108  18:41  Colossus  
  110  18:50  Tempest  
  115  19:26  Gravitic Boosters  
  115  19:33  Tempest  
  115  19:35  Colossus  
  125  20:16  Tempest  
  128  20:29  Disruptor  
  124  20:37  Stalker  
  124  20:38  Stalker x2  
  124  20:39  Stalker  
  124  20:40  Stalker x2  
  124  20:41  Stalker x4  
  124  20:42  Stalker x2  
  112  20:59  Tempest  
  87  21:04  Disruptor  
  74  21:19  Stalker x3  
  74  21:20  Stalker x3  
  74  21:21  Stalker x3  
  74  21:22  Stalker x2  
  74  21:23  Stalker  
  74  21:24  Stalker x2  
  86  21:50  Sentry  
  86  21:51  Sentry  
  90  21:54  Stalker x2  
  90  21:55  Stalker x2  
  98  22:12  Carrier  
  98  22:15  Flux Vanes  
  104  22:20  Shadow Stride  
  104  22:44  Protoss Air Weapons Level 2  
  104  23:05  Nexus  
  104  23:08  Assimilator  
  104  23:09  Nexus  
  104  23:12  Anion Pulse-Crystals  
  104  23:16  Carrier  
  110  23:28  Assimilator  
  110  23:39  Shield Battery  
  110  23:41  Pylon  
  110  23:44  Pylon  
  110  24:21  Carrier  
  106  25:25  Carrier  
  105  26:12  Stalker  
  105  26:13  Stalker x4  
  105  26:14  Stalker x5  
  105  26:15  Stalker x3  
  105  26:16  Stalker  
  133  26:20  Colossus  
  133  26:23  Colossus  
  145  26:29  Carrier  
  151  26:47  Resonating Glaives  
  151  27:06  Protoss Air Weapons Level 3  
  151  27:14  Colossus  
  157  27:17  Colossus  
  163  27:33  High Templar  
  163  27:34  Stargate  
  163  27:35  Stargate  
  165  28:07  Colossus, Assimilator  
  165  28:10  Colossus  
  177  28:33  Carrier  
  183  29:00  Assimilator  
  183  29:01  Colossus  
  189  29:11  Carrier  
  195  29:22  Stalker x2  
  195  29:54  Colossus  
Show
View Real Time Build Order
Export as new Build Order

Skor Terran 

Build Orders: Liberator Opening 

Get SALT Encoding   

  12  0:01  SCV  
  13  0:17  Supply Depot  
  13  0:20  SCV  
  14  0:33  Refinery  
  14  0:34  SCV  
  15  0:46  Barracks  
  15  0:50  SCV  
  16  0:58  Refinery  
  16  1:02  SCV  
  17  1:17  SCV  
  18  1:29  SCV  
  19  1:41  Supply Depot  
  19  1:42  Marine  
  20  1:48  SCV  
  21  2:02  Factory  
  21  2:04  Marine  
  22  2:10  Supply Depot  
  22  2:22  Marine  
  22  2:24  SCV  
  24  2:44  Refinery, Marine  
  25  2:58  Supply Depot  
  25  3:03  Starport  
  25  3:04  Factory Tech Lab  
  25  3:08  SCV  
  26  3:15  Command Center  
  26  3:25  Refinery  
  26  3:34  SCV  
  27  3:44  Siege Tank  
  27  3:46  SCV  
  31  4:03  Liberator  
  33  4:38  SCV  
  34  4:42  Siege Tank  
  37  4:46  Liberator  
  37  4:50  SCV  
  41  4:56  Armory  
  41  5:02  SCV  
  41  5:06  Marine  
  43  5:14  SCV  
  43  5:17  Siege Tank  
  47  5:21  Orbital Command  
  47  5:26  SCV  
  48  5:45  SCV  
  49  5:57  SCV  
  49  6:00  Terran Vehicle Weapons Level 1  
  49  6:01  Engineering Bay  
  49  6:04  Siege Tank  
  53  6:05  Liberator  
  56  6:34  Missile Turret  
  56  6:42  Thor  
  62  6:51  Missile Turret  
  62  7:20  Supply Depot  
  62  7:21  Supply Depot  
  62  7:25  Missile Turret  
  62  7:36  Thor  
  68  7:53  Missile Turret  
  68  7:59  Supply Depot  
  68  8:02  Terran Vehicle And Ship Armor Level 1  
  68  8:07  Starport Tech Lab  
  68  8:13  Supply Depot  
  68  8:23  Thor  
  68  8:32  Missile Turret  
  68  8:47  Factory  
  68  8:58  Missile Turret  
  68  8:59  Siege Tank  
  71  9:17  Supply Depot  
  71  9:26  Missile Turret  
  74  9:31  Factory, Siege Tank  
  74  9:41  Factory Tech Lab  
  74  9:52  Missile Turret  
  74  10:13  Missile Turret  
  74  10:36  Missile Turret  
  74  10:42  Factory Tech Lab  
  74  10:47  Thor x2  
  83  11:22  Supply Depot  
  83  11:24  Terran Vehicle Weapons Level 2  
  83  11:29  Thor  
  89  11:36  Missile Turret  
  89  11:42  Raven  
  89  11:44  Supply Depot  
  91  11:59  Supply Depot  
  91  12:04  Thor x2  
  91  12:08  Supply Depot  
  103  12:12  Planetary Fortress  
  103  12:22  Supply Depot  
  103  12:45  Supply Depot  
  103  13:02  Thor x2  
  112  13:47  Terran Vehicle Weapons Level 3  
  112  13:50  Thor  
  118  14:08  Supply Depot  
  118  14:32  Supply Depot  
  118  14:48  Thor x2  
  130  14:55  Supply Depot  
  130  15:18  Raven  
  132  15:30  Supply Depot  
  132  15:50  Thor  
  132  15:53  Supply Depot  
  138  15:57  Hi-Sec Auto Tracking  
  138  16:01  Raven  
  140  16:16  Supply Depot  
  139  16:37  Terran Vehicle And Ship Armor Level 2  
  139  16:39  Supply Depot  
  133  18:03  Raven  
  134  18:46  Raven  
  136  19:08  Thor x3  
  153  19:33  Terran Vehicle And Ship Armor Level 3  
  153  19:51  Thor x3  
  171  20:33  Thor  
  171  20:34  Thor  
  111  20:56  Thor  
  102  21:16  Thor x2  
  80  22:21  Command Center  
  80  22:33  Missile Turret  
  80  22:42  Missile Turret  
  80  22:54  Missile Turret  
  80  23:02  Refinery, Missile Turret  
  80  23:05  Refinery  
  80  24:21  Planetary Fortress  
  38  26:41  Barracks  
  38  26:45  Barracks  
  38  27:12  Terran Infantry Weapons Level 1  
  38  27:28  Barracks  
  38  27:34  Barracks  
  38  27:37  Barracks Reactor  
  38  27:57  Marine x2  
  40  28:15  Marine x2  
  42  28:33  Marine x2  
  44  28:43  Marine x4  
  48  28:50  Marine  
  48  28:51  Marine  
  50  29:01  Marine x4  
  54  29:08  Marine x2  
  56  29:19  Marine x4  
  60  29:26  Marine x2  
  62  29:36  Marine  
  62  29:37  Marine x3  
  66  29:44  Marine x2  
  53  29:55  Marine x2  
Tags
 
League
Bronze
Matchup
PvT
Spawn Locations
Cross Positions
Add a new tag
Caveats
  • Supply blocks, unpowered buildings, or Contaminate may cause inaccurate times.
  • Supply counts are checked every 10 seconds.